[Event "HUN-chT 2017-18"]
[Site "Budapest"]
[Date "2018.05.05"]
[Round "8"]
[White "Popovics, Adam"]
[Black "Hajnal, Zoltan"]
[Result "1/2-1/2"]
[ECO "A06"]
[WhiteElo "2382"]
[BlackElo "2397"]
[Annotator "NA"]
[PlyCount "81"]
[EventDate "2018.??.??"]
[EventType "team-tourn"]
[EventCountry "HUN"]
[SourceTitle "playchess.com"]
[Source "ChessBase"]
[SourceQuality "1"]
[TimeControl "40/5400+30:1800+30"]

1. Nf3 d5 2. c4 c6 3. e3 Nf6 4. Nc3 Bf5 5. cxd5 cxd5 6. Qb3 Bc8 7. d4 Nc6 8. Bd3 e6 9. O-O Bd6 10. e4 dxe4 11. Nxe4 Be7 12. Bg5 O-O 13. Rad1 Nd5 14. Bb1 h6 15. Be3 Qb6 16. Qc2 Ncb4 17. Qd2 Rd8 18. Ne5 f5 19. Nc3 Bf6 20. a3 Nxe3 21. Qxe3 Nc6 22. Nxc6 bxc6 23. Na4 Qb5 24. Bc2 Rd6 25. Rfe1 Bd7 26. Qf4 e5 27. dxe5 Rxd1 28. Rxd1 Bxe5 29. Qe3 Re8 30. Qxa7 Bc8 31. Qb6 Qxb6 32. Nxb6 Bxb2 33. Nxc8 Rxc8 34. a4 Ra8 35. Rd7 Kf8 36. Kf1 c5 37. Rd5 Bd4 38. Rxf5+ Ke7 39. Ke2 Ke6 40. Rf3 Kd5 41. Kd2 1/2-1/2

[Event "HUN-chT 2017-18"]
[Site "Budapest"]
[Date "2018.05.05"]
[Round "8"]
[White "Csonka, Attila Istvan"]
[Black "Erdelyi, Zombor"]
[Result "0-1"]
[ECO "B40"]
[WhiteElo "2372"]
[BlackElo "2310"]
[Annotator "NA"]
[PlyCount "130"]
[EventDate "2018.??.??"]
[EventType "team-tourn"]
[EventCountry "HUN"]
[SourceTitle "playchess.com"]
[Source "ChessBase"]
[SourceQuality "1"]
[TimeControl "40/5400+30:1800+30"]

1. e4 c5 2. Nf3 e6 3. b3 Nc6 4. Bb2 a6 5. d4 cxd4 6. Nxd4 Qf6 7. c3 Bc5 8. Be2 Nge7 9. O-O O-O 10. Nxc6 dxc6 11. Qc2 e5 12. b4 Ba7 13. c4 Ng6 14. c5 Nf4 15. Bc1 Be6 16. Bxf4 exf4 17. Nd2 Rad8 18. Rfd1 Bb8 19. Nf3 g5 20. h3 h5 21. e5 Qg7 22. Rxd8 Rxd8 23. Rd1 Rxd1+ 24. Qxd1 Bc7 25. Nd4 Bxa2 26. e6 fxe6 27. Bxh5 Be5 28. Nb3 Bc7 29. Bg4 Qe5 30. Nd4 Bd5 31. Bf3 Bd8 32. Qd3 Kf8 33. Bxd5 exd5 34. Nf3 Qe4 35. Qxe4 dxe4 36. Nd2 Ke7 37. Nxe4 Ke6 38. Kf1 Kd5 39. Nd6 b5 40. Ke2 Bc7 41. g3 fxg3 42. fxg3 Kd4 43. h4 gxh4 44. gxh4 Bd8 45. h5 Bg5 46. Kd1 Kd3 47. Nf7 Bf6 48. h6 Kc3 49. h7 Kxb4 50. h8=Q Bxh8 51. Nxh8 Kxc5 52. Kc2 Kd4 53. Ng6 c5 54. Ne7 c4 55. Nc6+ Kc5 56. Nd8 a5 57. Ne6+ Kb4 58. Nc7 a4 59. Na6+ Ka5 60. Nb8 b4 61. Kb2 a3+ 62. Kc2 Kb5 63. Nd7 b3+ 64. Kc3 a2 65. Kb2 c3+ 0-1

[Event "HUN-chT 2017-18"]
[Site "Budapest"]
[Date "2018.05.05"]
[Round "8"]
[White "Tatar Kis, Szabolcs"]
[Black "Farago, Ivan"]
[Result "1/2-1/2"]
[ECO "C00"]
[WhiteElo "2372"]
[BlackElo "2373"]
[Annotator "NA"]
[PlyCount "120"]
[EventDate "2018.??.??"]
[EventType "team-tourn"]
[EventCountry "HUN"]
[SourceTitle "playchess.com"]
[Source "ChessBase"]
[SourceQuality "1"]
[TimeControl "40/5400+30:1800+30"]

1. e4 e6 2. d4 d5 3. Bd3 dxe4 4. Bxe4 Nf6 5. Bf3 c5 6. Ne2 Be7 7. Nbc3 Nc6 8. Be3 cxd4 9. Nxd4 Ne5 10. Ndb5 Qa5 11. Nd6+ Bxd6 12. Qxd6 Nxf3+ 13. gxf3 Bd7 14. Rg1 O-O-O 15. Rg5 Qc7 16. Qxc7+ Kxc7 17. Bf4+ Kb6 18. Rd1 Bc6 19. Rxd8 Rxd8 20. Rxg7 Rd7 21. Ke2 h5 22. b3 Nd5 23. Nxd5+ exd5 24. Rh7 d4 25. Rxh5 Re7+ 26. Re5 Rxe5+ 27. Bxe5 Bb5+ 28. c4 dxc3+ 29. Kd1 Bd3 30. Bxc3 Kc5 31. Kd2 Bb1 32. a3 Kd5 33. h4 Bg6 34. Ke3 Ke6 35. Kd4 Bh5 36. Ke4 a6 37. a4 f6 38. a5 Bg6+ 39. Kf4 Bh5 40. Ke4 Bg6+ 41. Kd4 Bh5 42. Ke4 Bg6+ 43. Kf4 Bc2 44. b4 Bg6 45. Kg4 Kf7 46. h5 Bh7 47. Kf4 Bc2 48. Bd2 Kg7 49. Kg4 Kf7 50. Bh6 Bd1 51. Kf4 Bc2 52. Ke3 Bd1 53. Bf4 Kg7 54. Ke4 Bc2+ 55. Kd5 Bd1 56. Ke6 Bxf3 57. h6+ Kg6 58. Bd2 Bg4+ 59. Ke7 Bf3 60. Bc1 f5 1/2-1/2

[Event "HUN-chT 2017-18"]
[Site "Budapest"]
[Date "2018.05.05"]
[Round "8"]
[White "Gara, Ticia"]
[Black "Mokcsay, Robert"]
[Result "1/2-1/2"]
[ECO "A06"]
[WhiteElo "2369"]
[BlackElo "2226"]
[Annotator "ChessBase"]
[PlyCount "119"]
[EventDate "2018.??.??"]
[EventType "team-tourn"]
[EventCountry "HUN"]
[SourceTitle "playchess.com"]
[Source "ChessBase"]
[SourceQuality "1"]
[TimeControl "40/5400+30:1800+30"]

1. Nf3 d5 2. g3 g6 3. Bg2 Bg7 4. d4 Nf6 5. c4 c6 6. cxd5 cxd5 7. Nc3 O-O 8. Ne5 Nc6 9. Nxc6 bxc6 10. O-O Ne8 11. b3 Nd6 12. Bb2 e5 13. dxe5 Bxe5 14. Na4 Bxb2 15. Nxb2 Re8 16. Qc2 Bd7 17. Na4 Rc8 18. e3 Bf5 19. Qc5 Qd7 20. Qd4 Nb5 21. Qb4 Bh3 22. Nc5 Qf5 23. Qf4 Qxf4 24. gxf4 Bxg2 25. Kxg2 d4 26. Kf3 dxe3 27. fxe3 f5 28. Nd7 Red8 29. Rfd1 Nc3 30. Rd3 Ne4 31. Rad1 Kg7 32. Ne5 Rxd3 33. Rxd3 Rc7 34. Rd8 Kf6 35. h4 c5 36. Rf8+ Ke6 37. Re8+ Kf6 38. Rd8 Ke6 39. Rd1 Nf6 40. Rc1 Ne4 41. Ke2 Rb7 42. Nf3 Re7 43. Ng5+ Nxg5 44. hxg5 Kd5 45. Rd1+ Kc6 46. Rd8 Kc7 47. Rf8 Kc6 48. Rf6+ Kb5 49. Kd3 Kb4 50. Rd6 Ka3 51. Ra6+ Kb4 52. Ra4+ Kb5 53. e4 fxe4+ 54. Rxe4 Rf7 55. a4+ Kc6 56. Kc4 Kd6 57. Kd3 Rb7 58. Kc3 Kd5 59. Re5+ Kd6 60. Re4 1/2-1/2

[Event "HUN-chT 2017-18"]
[Site "Budapest"]
[Date "2018.05.05"]
[Round "8"]
[White "Horvath, Zsolt"]
[Black "Tompa, Janos"]
[Result "1/2-1/2"]
[ECO "B40"]
[WhiteElo "2369"]
[BlackElo "2372"]
[Annotator "NA"]
[PlyCount "57"]
[EventDate "2018.??.??"]
[EventType "team-tourn"]
[EventCountry "HUN"]
[SourceTitle "playchess.com"]
[Source "ChessBase"]
[SourceQuality "1"]
[TimeControl "40/5400+30:1800+30"]

1. e4 c5 2. Nf3 e6 3. g3 d5 4. exd5 Qxd5 5. Nc3 Qd8 6. d4 Nf6 7. Bg2 Nc6 8. Be3 Ng4 9. O-O Nxe3 10. fxe3 Be7 11. Ne4 Qa5 12. Nfg5 cxd4 13. Nxf7 O-O 14. Nfd6 Qe5 15. Rxf8+ Bxf8 16. exd4 Qxd4+ 17. Qxd4 Nxd4 18. Rd1 Nf5 19. Kf2 Be7 20. c3 Kf8 21. Nxc8 Rxc8 22. g4 Nh6 23. h3 Rc7 24. Nd2 Bc5+ 25. Ke2 Nf7 26. Nb3 Bb6 27. Nd4 Bxd4 28. Rxd4 Ke7 29. c4 1/2-1/2

[Event "HUN-chT 2017-18"]
[Site "Budapest"]
[Date "2018.05.05"]
[Round "8"]
[White "Lazarne Vajda, Szidonia"]
[Black "Kovacsy, Barnabas"]
[Result "1-0"]
[ECO "D78"]
[WhiteElo "2361"]
[BlackElo "2059"]
[Annotator "NA"]
[PlyCount "69"]
[EventDate "2018.??.??"]
[EventType "team-tourn"]
[EventCountry "HUN"]
[SourceTitle "playchess.com"]
[Source "ChessBase"]
[SourceQuality "1"]
[TimeControl "40/5400+30:1800+30"]

1. d4 Nf6 2. Nf3 g6 3. g3 Bg7 4. Bg2 O-O 5. c4 d5 6. O-O c6 7. Qb3 Qb6 8. Nc3 dxc4 9. Qxc4 Nbd7 10. Rd1 Qa5 11. Bg5 Re8 12. b4 Qb6 13. e4 e5 14. Bxf6 Bxf6 15. d5 c5 16. a3 cxb4 17. axb4 Be7 18. Nb5 Bd6 19. Nd2 a6 20. Nxd6 Qxd6 21. Nb3 Rd8 22. Rdc1 f5 23. Nc5 b5 24. Qb3 Nf8 25. Rc2 Ra7 26. Rca2 Kg7 27. Qe3 Ra8 28. f3 Re8 29. Bf1 Bd7 30. Rxa6 Rxa6 31. Rxa6 Qb8 32. Nxd7 Nxd7 33. Qa7 Qxa7+ 34. Rxa7 Rd8 35. Bxb5 1-0

[Event "HUN-chT 2017-18"]
[Site "Budapest"]
[Date "2018.05.05"]
[Round "8"]
[White "Medvegy, Nora Dr"]
[Black "Havanecz, Bianka"]
[Result "1-0"]
[ECO "C46"]
[WhiteElo "2354"]
[BlackElo "2197"]
[Annotator "NA"]
[PlyCount "47"]
[EventDate "2018.??.??"]
[EventType "team-tourn"]
[EventCountry "HUN"]
[SourceTitle "playchess.com"]
[Source "ChessBase"]
[SourceQuality "1"]
[TimeControl "40/5400+30:1800+30"]

1. e4 e5 2. Nf3 Nc6 3. Nc3 g6 4. d4 exd4 5. Nxd4 Bg7 6. Be3 Nge7 7. Qd2 O-O 8. O-O-O d6 9. h4 h5 10. f3 Ne5 11. Be2 a5 12. g4 hxg4 13. f4 N5c6 14. h5 Nxd4 15. Bxd4 Nc6 16. Bxg7 Kxg7 17. hxg6 fxg6 18. Nd5 Rg8 19. Qc3+ Kf8 20. Nf6 Be6 21. Nxg8 Bxg8 22. Rh8 Nb4 23. Bc4 d5 24. Rxd5 1-0

[Event "HUN-chT 2017-18"]
[Site "Budapest"]
[Date "2018.05.05"]
[Round "8"]
[White "Papp, Petra"]
[Black "Szalai, Kornel"]
[Result "1/2-1/2"]
[ECO "C18"]
[WhiteElo "2333"]
[BlackElo "2393"]
[Annotator "ChessBase"]
[PlyCount "138"]
[EventDate "2018.??.??"]
[EventType "team-tourn"]
[EventCountry "HUN"]
[SourceTitle "playchess.com"]
[Source "ChessBase"]
[SourceQuality "1"]
[TimeControl "40/5400+30:1800+30"]

1. e4 e6 2. d4 d5 3. Nc3 Bb4 4. e5 c5 5. a3 Bxc3+ 6. bxc3 Qa5 7. Bd2 Qa4 8. Qg4 Kf8 9. Nf3 Ne7 10. h3 Qxc2 11. dxc5 Nd7 12. Be2 Nc6 13. Rc1 Qe4 14. Ng5 Qg6 15. f4 Nxc5 16. O-O h6 17. Nf3 Qxg4 18. hxg4 Nb3 19. Rcd1 Nxd2 20. Rxd2 Ke7 21. Nd4 Bd7 22. Nxc6+ Bxc6 23. f5 Rac8 24. Rd4 Bd7 25. c4 Rc5 26. cxd5 Rxd5 27. Rxd5 exd5 28. Rd1 Bc6 29. Kf2 Rd8 30. Rd4 Kd7 31. Ke3 Re8 32. Kf4 g5+ 33. fxg6 fxg6 34. Bd3 Rf8+ 35. Ke3 Ke6 36. g5 hxg5 37. Rg4 Kxe5 38. Rxg5+ Kd6 39. Rxg6+ Kc5 40. g4 d4+ 41. Ke2 Re8+ 42. Kd2 Re3 43. Rg5+ Kd6 44. Rg8 Rg3 45. g5 Rg2+ 46. Kc1 Ke7 47. g6 Rg5 48. Rg7+ Kd6 49. Rh7 Bd5 50. Rh4 Kc5 51. Rh8 a6 52. Rc8+ Kd6 53. Rd8+ Kc6 54. Rc8+ Kd7 55. Rf8 Kd6 56. Rd8+ Kc5 57. Rc8+ Bc6 58. Rg8 Bb5 59. g7 Bc6 60. Kd2 Bd5 61. Rc8+ Kd6 62. Be4 Be6 63. Rd8+ Ke5 64. Bxb7 Rxg7 65. Bxa6 Ra7 66. Bd3 Rxa3 67. Re8 Ra2+ 68. Ke1 Ra3 69. Kd2 Ra2+ 1/2-1/2

[Event "HUN-chT 2017-18"]
[Site "Budapest"]
[Date "2018.05.05"]
[Round "8"]
[White "Kecskemeti, Arpad"]
[Black "Balint, Vilmos"]
[Result "0-1"]
[ECO "C16"]
[WhiteElo "2308"]
[BlackElo "2237"]
[Annotator "ChessBase"]
[PlyCount "130"]
[EventDate "2018.??.??"]
[EventType "team-tourn"]
[EventCountry "HUN"]
[SourceTitle "playchess.com"]
[Source "ChessBase"]
[SourceQuality "1"]
[TimeControl "40/5400+30:1800+30"]

1. e4 e6 2. d4 d5 3. Nc3 Bb4 4. e5 Ne7 5. a3 Bxc3+ 6. bxc3 b6 7. Qg4 Ng6 8. h4 h5 9. Qg3 Ba6 10. Nf3 Bxf1 11. Kxf1 Nc6 12. Ng5 Qd7 13. a4 Na5 14. Qd3 Nc4 15. g3 Ne7 16. Kg2 f6 17. exf6 gxf6 18. Ne4 dxe4 19. Qxc4 Qd5 20. Qe2 O-O-O 21. Re1 e3+ 22. f3 Rhg8 23. Bxe3 Nf5 24. Bf4 e5 25. dxe5 Nxh4+ 26. Kf2 Ng6 27. Rad1 Qc5+ 28. Qe3 Qxe3+ 29. Bxe3 Rxd1 30. Rxd1 Nxe5 31. Rh1 Rh8 32. g4 h4 33. g5 Rh5 34. gxf6 Rf5 35. f4 Ng6 36. Kf3 Rxf6 37. Kg4 Rc6 38. Bd4 Rc4 39. f5 Ne5+ 40. Kg5 Nf3+ 41. Kg6 c5 42. Rh3 Nxd4 43. cxd4 Rxd4 44. f6 Kd7 45. f7 Rg4+ 46. Kf5 Rg2 47. Rxh4 Ke7 48. Ke5 Rxc2 49. Rh8 Re2+ 50. Kd5 Rd2+ 51. Kc6 Rd6+ 52. Kb7 Kxf7 53. Kxa7 Ke6 54. Rh6+ Kd5 55. Rxd6+ Kxd6 56. Kxb6 c4 57. a5 c3 58. a6 c2 59. a7 c1=Q 60. a8=Q Qb2+ 61. Ka6 Qa3+ 62. Kb7 Qb4+ 63. Kc8 Qc5+ 64. Kb7 Qb5+ 65. Ka7 Kc7 0-1

[Event "HUN-chT 2017-18"]
[Site "Budapest"]
[Date "2018.05.05"]
[Round "8"]
[White "Krstulovic, Alex"]
[Black "Juhasz, Agoston"]
[Result "1-0"]
[ECO "D11"]
[WhiteElo "2290"]
[BlackElo "2182"]
[Annotator "NA"]
[PlyCount "69"]
[EventDate "2018.??.??"]
[EventType "team-tourn"]
[EventCountry "HUN"]
[SourceTitle "playchess.com"]
[Source "ChessBase"]
[SourceQuality "1"]
[TimeControl "40/5400+30:1800+30"]

1. d4 d5 2. c4 c6 3. Nf3 Nf6 4. g3 Bf5 5. Nc3 dxc4 6. Bg2 e6 7. Ne5 Nbd7 8. Nxc4 Be7 9. O-O Rc8 10. e4 Bg6 11. Bf4 Nb6 12. Ne5 O-O 13. Qd3 c5 14. Nxg6 hxg6 15. d5 c4 16. Qd2 exd5 17. exd5 Bd6 18. Rad1 a6 19. Bh3 Rc7 20. Rfe1 Re7 21. Rxe7 Qxe7 22. Qd4 Qc7 23. Bg5 Be5 24. d6 Bxd4 25. dxc7 Be5 26. Bf4 Bxf4 27. gxf4 Nh5 28. Rd8 Nxf4 29. Rxf8+ Kxf8 30. c8=Q+ Nxc8 31. Bxc8 b5 32. Bxa6 b4 33. Na4 Ne2+ 34. Kf1 c3 35. Kxe2 1-0

[Event "HUN-chT 2017-18"]
[Site "Budapest"]
[Date "2018.05.05"]
[Round "8"]
[White "Kokeny, Norbert Adrian"]
[Black "Juhasz, Barbara"]
[Result "1/2-1/2"]
[ECO "A05"]
[WhiteElo "2284"]
[BlackElo "2234"]
[Annotator "NA"]
[PlyCount "73"]
[EventDate "2018.??.??"]
[EventType "team-tourn"]
[EventCountry "HUN"]
[SourceTitle "playchess.com"]
[Source "ChessBase"]
[SourceQuality "1"]
[TimeControl "40/5400+30:1800+30"]

1. Nf3 Nf6 2. g3 g6 3. b3 Bg7 4. Bb2 O-O 5. Bg2 d6 6. d4 c5 7. e3 Ne4 8. O-O Nc6 9. Nbd2 d5 10. Ne5 Nxe5 11. dxe5 Bf5 12. g4 Nxd2 13. Qxd2 Bxg4 14. Qxd5 Qxd5 15. Bxd5 Rab8 16. f3 Bf5 17. e4 Bd7 18. a4 Rfd8 19. Rfd1 Bh6 20. Bc1 Bxc1 21. Raxc1 e6 22. Bc4 Bc6 23. Kf2 Kf8 24. Ke3 Ke7 25. h4 Rxd1 26. Rxd1 Rd8 27. Rxd8 Kxd8 28. h5 g5 29. h6 Ke7 30. f4 gxf4+ 31. Kxf4 Kf8 32. Bd3 Ke7 33. Kg5 b6 34. Kf4 Kf8 35. c3 Ke7 36. Kg5 a5 37. c4 1/2-1/2

[Event "HUN-chT 2017-18"]
[Site "Budapest"]
[Date "2018.05.05"]
[Round "8"]
[White "Geher, Koppany"]
[Black "Balazs, Gabor"]
[Result "1/2-1/2"]
[ECO "B48"]
[WhiteElo "2257"]
[BlackElo "2397"]
[Annotator "NA"]
[PlyCount "118"]
[EventDate "2018.??.??"]
[EventType "team-tourn"]
[EventCountry "HUN"]
[SourceTitle "playchess.com"]
[Source "ChessBase"]
[SourceQuality "1"]
[TimeControl "40/5400+30:1800+30"]

1. e4 c5 2. Nf3 e6 3. d4 cxd4 4. Nxd4 Nc6 5. Nc3 Qc7 6. Be3 a6 7. a3 Nf6 8. f4 d6 9. Qf3 Nxd4 10. Bxd4 e5 11. fxe5 dxe5 12. Qg3 Bd6 13. Qxg7 exd4 14. Qxh8+ Bf8 15. Qxf6 dxc3 16. Qxc3 Qxc3+ 17. bxc3 Bg7 18. O-O-O Bxc3 19. Bc4 b5 20. Bb3 Be5 21. h3 f6 22. Rd3 Ra7 23. Rhd1 Bd7 24. Bg8 h6 25. Bh7 Ke7 26. Bf5 Be8 27. g4 a5 28. Rd5 b4 29. Rxe5+ fxe5 30. axb4 axb4 31. Rd5 Rc7 32. Rxe5+ Kf8 33. Be6 Rc3 34. Bb3 Rxh3 35. Rf5+ Ke7 36. e5 Re3 37. g5 hxg5 38. Rxg5 Bd7 39. Rg7+ Kd8 40. Rg5 Ke7 41. Kd2 Re4 42. Kd3 Rh4 43. Rg7+ Ke8 44. e6 Bc6 45. Rc7 Bb5+ 46. Ke3 Kd8 47. Rf7 Bc6 48. Rf4 Rxf4 49. Kxf4 Ke7 50. Ke5 Be8 51. Bd5 Ba4 52. Bb3 Be8 53. Kf5 Bc6 54. Kf4 Be8 55. Ke3 Bg6 56. Kd2 Bf5 57. Ke3 Bxc2 58. Bxc2 Kxe6 59. Kd4 Kd6 1/2-1/2

[Event "HUN-chT 2017-18"]
[Site "Budapest"]
[Date "2018.05.05"]
[Round "8"]
[White "Biro, David"]
[Black "Lakos, Nikoletta"]
[Result "0-1"]
[ECO "A04"]
[WhiteElo "2244"]
[BlackElo "2273"]
[Annotator "NA"]
[PlyCount "102"]
[EventDate "2018.??.??"]
[EventType "team-tourn"]
[EventCountry "HUN"]
[SourceTitle "playchess.com"]
[Source "ChessBase"]
[SourceQuality "1"]
[TimeControl "40/5400+30:1800+30"]

1. Nf3 d6 2. g3 e5 3. d3 c6 4. Bg2 h6 5. O-O Be6 6. b3 Qd7 7. Nbd2 Nf6 8. e4 Bg4 9. Nc4 Be7 10. Ne3 Be6 11. Bb2 Ng4 12. Nf5 Bxf5 13. exf5 Qxf5 14. h3 Nf6 15. Nd2 O-O 16. f4 exf4 17. Rxf4 Qg6 18. Kh2 Nbd7 19. Nf3 Qh5 20. g4 Qa5 21. Rf5 Qc7 22. Qe1 d5+ 23. Kh1 Rfe8 24. Qd2 Nh7 25. Rf1 f6 26. Nh4 Qg3 27. Qf2 Qxf2 28. R5xf2 Bc5 29. d4 Bf8 30. c4 dxc4 31. bxc4 Nb6 32. Rc2 Ng5 33. d5 Ne4 34. Rd1 Nxc4 35. Nf5 cxd5 36. Rxd5 Nxb2 37. Rxb2 Nc5 38. Nd6 Bxd6 39. Rxd6 Rab8 40. Bd5+ Kh8 41. Rc2 b6 42. Bf7 Red8 43. Rc6 Rd1+ 44. Kg2 Rbd8 45. Bg6 Nd3 46. Bxd3 R8xd3 47. Re2 R1d2 48. Rc2 Rxe2+ 49. Rxe2 Ra3 50. h4 h5 51. gxh5 Kh7 0-1

[Event "HUN-chT 2017-18"]
[Site "Budapest"]
[Date "2018.05.05"]
[Round "8"]
[White "Borhy, Marcell"]
[Black "Reskone dr., Timko Melinda"]
[Result "1-0"]
[ECO "A50"]
[WhiteElo "2226"]
[BlackElo "2024"]
[Annotator "NA"]
[PlyCount "63"]
[EventDate "2018.??.??"]
[EventType "team-tourn"]
[EventCountry "HUN"]
[SourceTitle "playchess.com"]
[Source "ChessBase"]
[SourceQuality "1"]
[TimeControl "40/5400+30:1800+30"]

1. d4 Nf6 2. c4 c6 3. Nc3 d5 4. cxd5 cxd5 5. Bf4 e6 6. e3 Bd7 7. Qb3 Nc6 8. Qxb7 Bb4 9. Bc7 Qc8 10. Ba6 O-O 11. Rc1 Qe8 12. Nge2 Qe7 13. a3 Ba5 14. Bb5 Rab8 15. Bxb8 Rxb8 16. Bxc6 Rxb7 17. Bxb7 Bb5 18. b4 Bxb4 19. axb4 Bxe2 20. Nxd5 Qxb7 21. Rc8+ Qxc8 22. Ne7+ Kf8 23. Nxc8 Ba6 24. Nxa7 Ke7 25. b5 Bb7 26. O-O Nd7 27. Rc1 Kd6 28. Nc8+ Kd5 29. e4+ Kxd4 30. Rd1+ Ke5 31. Rxd7 Bxc8 32. Rc7 1-0

[Event "HUN-chT 2017-18"]
[Site "Budapest"]
[Date "2018.05.06"]
[Round "9"]
[White "Balazs, Gabor"]
[Black "Kecskemeti, Arpad"]
[Result "1/2-1/2"]
[ECO "A48"]
[WhiteElo "2397"]
[BlackElo "2308"]
[Annotator "NA"]
[PlyCount "38"]
[EventDate "2018.??.??"]
[EventType "team-tourn"]
[EventCountry "HUN"]
[SourceTitle "playchess.com"]
[Source "ChessBase"]
[SourceQuality "1"]
[WhiteTeam "Hungary"]
[BlackTeam "Hungary"]
[WhiteTeamCountry "HUN"]
[BlackTeamCountry "HUN"]
[TimeControl "40/5400+30:1800+30"]

1. d4 Nf6 2. Nf3 g6 3. Bg5 Bg7 4. Nbd2 O-O 5. e4 d6 6. c3 c5 7. dxc5 dxc5 8. Bc4 a6 9. a4 Nc6 10. O-O Qc7 11. Re1 Rd8 12. Qc2 Rb8 13. Bh4 Nh5 14. Bf1 b5 15. axb5 axb5 16. Rad1 c4 $15 17. Nb1 Bg4 18. Rxd8+ Rxd8 19. Bg3 Nxg3 1/2-1/2

[Event "HUN-chT 2017-18"]
[Site "Budapest"]
[Date "2018.05.06"]
[Round "9"]
[White "Szalai, Kornel"]
[Black "Lazarne Vajda, Szidonia"]
[Result "1-0"]
[ECO "A02"]
[WhiteElo "2393"]
[BlackElo "2361"]
[Annotator "NA"]
[PlyCount "95"]
[EventDate "2018.??.??"]
[EventType "team-tourn"]
[EventCountry "HUN"]
[SourceTitle "playchess.com"]
[Source "ChessBase"]
[SourceQuality "1"]
[WhiteTeam "Hungary"]
[BlackTeam "Hungary"]
[WhiteTeamCountry "HUN"]
[BlackTeamCountry "HUN"]
[TimeControl "40/5400+30:1800+30"]

1. f4 Nf6 2. Nf3 g6 3. g3 Bg7 4. Bg2 d5 5. O-O c5 6. d3 Nc6 7. Qe1 O-O 8. c3 b6 9. Na3 $15 {[%emt 0:07:46] LiveBook: 18 Games} Ba6 10. Rb1 b5 11. Nc2 b4 12. cxb4 cxb4 13. Kh1 Rb8 14. Ne5 Nxe5 15. fxe5 Ng4 16. Nxb4 Bb7 17. d4 h5 18. Bf4 Rc8 19. Qd2 Kh7 20. Nd3 Qb6 21. e3 f6 22. exf6 exf6 23. h3 Nh6 24. Bxh6 Bxh6 25. Nf4 Rce8 26. Rbc1 Re7 27. Rc3 Bxf4 28. gxf4 Rfe8 29. a3 Kh6 30. Qf2 f5 31. Bf3 Qf6 32. Rg1 Re6 33. Re1 Qe7 34. Qg2 Qf6 35. Kh2 Qd8 36. Rg1 Rb6 37. Rb3 Ree6 38. Rxb6 Rxb6 39. Qg5+ Qxg5 40. fxg5+ Kg7 41. b4 a5 42. bxa5 Rb3 43. Rc1 Kf8 44. Rc7 Ke8 45. Kg3 Ba6 46. Kf4 Rxa3 47. Bxd5 Rxa5 48. Bf7+ 1-0

[Event "HUN-chT 2017-18"]
[Site "Budapest"]
[Date "2018.05.06"]
[Round "9"]
[White "Farago, Ivan"]
[Black "Borocz, Istvan"]
[Result "0-1"]
[ECO "E10"]
[WhiteElo "2373"]
[BlackElo "2365"]
[Annotator "NA"]
[PlyCount "82"]
[EventDate "2018.??.??"]
[EventType "team-tourn"]
[EventCountry "HUN"]
[SourceTitle "playchess.com"]
[Source "ChessBase"]
[SourceQuality "1"]
[WhiteTeam "Hungary"]
[BlackTeam "Hungary"]
[WhiteTeamCountry "HUN"]
[BlackTeamCountry "HUN"]
[TimeControl "40/5400+30:1800+30"]

1. d4 Nf6 2. c4 e6 3. Nf3 c5 4. e3 b6 5. Nc3 Bb7 6. Bd3 Be7 7. O-O O-O 8. d5 exd5 9. cxd5 d6 10. e4 Nbd7 11. h3 a6 12. a4 Re8 $16 13. Re1 Nf8 14. Bc4 Ng6 15. e5 Nxe5 16. Nxe5 dxe5 17. Rxe5 Bd6 18. Re2 h6 19. Be3 Bc7 20. Qf1 Qd6 21. g3 Qd7 22. Rd1 Be5 23. Bb3 Rac8 24. Kh2 b5 25. axb5 axb5 26. Qe1 c4 27. Bc2 Bxc3 28. bxc3 Nxd5 29. f3 Qe6 30. Be4 f5 31. Bxd5 Bxd5 32. Qf2 b4 33. cxb4 c3 34. Ree1 Qc6 35. Rc1 Bxf3 36. Bd4 Rxe1 37. Qxe1 Re8 38. Qxc3 Re2+ 39. Kg1 Qe4 40. Rf1 Rg2+ 41. Kh1 Rf2+ 0-1

[Event "HUN-chT 2017-18"]
[Site "Budapest"]
[Date "2018.05.06"]
[Round "9"]
[White "Tompa, Janos"]
[Black "Fendrik, Lajos"]
[Result "1-0"]
[ECO "A05"]
[WhiteElo "2372"]
[BlackElo "2206"]
[Annotator "NA"]
[PlyCount "71"]
[EventDate "2018.??.??"]
[EventType "team-tourn"]
[EventCountry "HUN"]
[SourceTitle "playchess.com"]
[Source "ChessBase"]
[SourceQuality "1"]
[WhiteTeam "Hungary"]
[BlackTeam "Hungary"]
[WhiteTeamCountry "HUN"]
[BlackTeamCountry "HUN"]
[TimeControl "40/5400+30:1800+30"]

1. Nf3 Nf6 2. g3 d5 3. d3 c5 4. Bg2 Nc6 5. Nbd2 e5 6. e4 Be7 7. O-O O-O 8. Re1 d4 9. Nc4 Qc7 {[%emt 0:00:57] A08: King's Indian Attack} 10. a4 Ne8 11. c3 Bg4 $146 ({Predecessor:} 11... Be6 12. Bd2 dxc3 13. Bxc3 f6 14. Ne3 Qd7 15. Nd5 Nc7 16. Nxe7+ Qxe7 17. Nh4 {½-½ (41) Haub,T (2310)-Maksimenko,A (2545) Schoeneck 1996}) 12. h3 Be6 13. cxd4 cxd4 14. Bd2 f6 15. Rc1 Qd7 16. Kh2 Nb4 17. Bf1 Na2 18. Ra1 Bxc4 19. dxc4 Nb4 20. a5 Na6 21. Ra4 Nc5 22. Ra1 $11 Nd6 23. Qc2 Ndxe4 24. Rxe4 Qf5 25. Bb4 Qxf3 26. Bg2 Qb3 27. Qxb3 Nxb3 28. Bxe7 Nxa1 29. Bxf8 Nb3 30. Bb4 Rd8 31. Re1 b6 32. axb6 axb6 33. f4 exf4 34. Bd5+ Kh8 35. gxf4 g5 36. Be7 1-0

[Event "HUN-chT 2017-18"]
[Site "Budapest"]
[Date "2018.05.06"]
[Round "9"]
[White "Polyik, Peter"]
[Black "Csonka, Attila Istvan"]
[Result "1/2-1/2"]
[ECO "E15"]
[WhiteElo "2316"]
[BlackElo "2372"]
[Annotator "NA"]
[PlyCount "23"]
[EventDate "2018.??.??"]
[EventType "team-tourn"]
[EventCountry "HUN"]
[SourceTitle "playchess.com"]
[Source "ChessBase"]
[SourceQuality "1"]
[WhiteTeam "Hungary"]
[BlackTeam "Hungary"]
[WhiteTeamCountry "HUN"]
[BlackTeamCountry "HUN"]
[TimeControl "40/5400+30:1800+30"]

1. d4 Nf6 2. c4 e6 3. Nf3 b6 4. g3 Ba6 5. b3 Bb4+ 6. Bd2 Be7 7. Bg2 d5 8. cxd5 exd5 9. O-O O-O 10. Bc1 Nbd7 11. Bb2 Ne4 12. Nc3 1/2-1/2

[Event "HUN-chT 2017-18"]
[Site "Budapest"]
[Date "2018.05.06"]
[Round "9"]
[White "Erdelyi, Zombor"]
[Black "Papp, Petra"]
[Result "1/2-1/2"]
[ECO "C42"]
[WhiteElo "2310"]
[BlackElo "2333"]
[Annotator "ChessBase"]
[PlyCount "125"]
[EventDate "2018.??.??"]
[EventType "team-tourn"]
[EventCountry "HUN"]
[SourceTitle "playchess.com"]
[Source "ChessBase"]
[SourceQuality "1"]
[WhiteTeam "Hungary"]
[BlackTeam "Hungary"]
[WhiteTeamCountry "HUN"]
[BlackTeamCountry "HUN"]
[TimeControl "40/5400+30:1800+30"]

1. e4 e5 2. Nf3 Nf6 3. Nxe5 d6 4. Nf3 Nxe4 5. Nc3 Nxc3 6. dxc3 Be7 7. Be3 O-O 8. Qd2 Nd7 9. Be2 Nf6 10. h3 d5 11. O-O-O c5 12. g4 Qa5 13. a3 Rd8 14. c4 Qxd2+ 15. Nxd2 dxc4 16. Nxc4 Be6 17. Na5 Bd5 18. Rhe1 b6 19. Nc4 Bb7 20. Bg5 h6 21. Bh4 g5 22. Bg3 Rxd1+ 23. Rxd1 Rd8 24. Rxd8+ Bxd8 25. Nd6 Bd5 26. Nf5 Kh7 27. c4 Be4 28. Nd6 Bg6 29. h4 h5 30. hxg5 Nxg4 31. f4 Kg7 32. Bh4 Kf8 33. f5 Be7 34. fxg6 Bxd6 35. gxf7 Kxf7 36. Bd3 Bf4+ 37. Kc2 Ne5 38. Be4 Ng6 39. Bd5+ Ke7 40. Bf2 Bxg5 41. Bg3 Bf4 42. Be4 Bxg3 43. Bxg6 h4 44. Kd3 Kf6 45. Be8 h3 46. Ke2 Ke5 47. Kf3 h2 48. Kg2 Kd4 49. a4 Kxc4 50. Bf7+ Kb4 51. b3 Bc7 52. Bg8 a6 53. Bf7 Bd6 54. Bg8 a5 55. Bf7 b5 56. axb5 Kxb5 57. Be6 Kb4 58. Bf7 c4 59. Bxc4 a4 60. bxa4 Kxc4 61. a5 Kb5 62. a6 Kxa6 63. Kh1 1/2-1/2